 Dungeon Crawl Stone Soup version 0.19.1 (webtiles) character file.

934 Malachi the Chopper (level 8, -1/68 HPs)
             Began as a Ghoul Chaos Knight on Dec 1, 2016.
             Slain by an orc warrior
             ... wielding a +0 hand axe
              (27 damage)
             ... on level 6 of the Dungeon.
             The game lasted 00:10:47 (4192 turns).

Malachi the Chopper (Ghoul Chaos Knight)            Turns: 4192, Time: 00:10:48

Health: -1/68      AC:  8    Str: 18      XL:     8   Next: 11%
Magic:  7/7        EV: 11    Int: 12      God:    Xom [..*...]
Gold:   324        SH:  7    Dex:  6 (8)  Spells: 0 memorised, 7 levels left

rFire  . . .     SeeInvis .     a - +1 hand axe (chaos)
rCold  + . .     Gourm    .     b - +2 leather armour
rNeg   + + +     Faith    .     E - +0 buckler
rPois  ∞         Spirit   .     v - +2 hat
rElec  .         Reflect  +     (no cloak)
rCorr  .         Harm     .     (no gloves)
MR     .....                    e - +0 pair of boots
Stlth  ..........               i - +4 amulet of reflection
                                A - ring of loudness (curse)
                                y - ring of flight

@: brilliant, very slightly contaminated, rotting, hasted, very quick
A: rotting body, claws 1, carnivore 3, cold resistance 1, negative energy
resistance 3, slow regeneration 1, torment resistance, unbreathing
a: Renounce Religion, Evoke Flight


You were on level 6 of the Dungeon.
You worshipped Xom.
You were a toy of Xom.
You were not hungry.

You visited 1 branch of the dungeon, and saw 7 of its levels.

You collected 324 gold pieces.

Inventory:

Hand Weapons
 a - a +1 hand axe of chaos (weapon)
 h - a +4 battleaxe
Armour
 b - a +2 leather armour (worn)
 e - a +0 pair of boots (worn)
 g - a +0 plate armour
 u - a +0 robe
 v - a +2 hat (worn)
 E - a +0 buckler (worn)
Jewellery
 i - a +4 amulet of reflection (around neck)
 y - a ring of flight (left claw)
 A - a cursed ring of loudness (right claw)
Wands
 z - a wand of lightning (4/15)
 F - a wand of acid (0/15)
 H - a wand of acid (7/15)
Scrolls
 d - 3 scrolls of identify
 j - a scroll of noise
 l - 2 scrolls of blinking
 n - 3 scrolls of amnesia
 o - a scroll of enchant weapon
 G - a scroll of magic mapping
Potions
 k - 2 potions of cure mutation
 m - a potion of mutation
 B - 2 potions of curing {unknown}
 C - a potion of ambrosia {unknown}
 D - a potion of magic {unknown}
Comestibles
 c - 4 meat rations
 s - 3 beef jerkies
 t - 3 slices of pizza


   Skills:
 + Level 5.2 Fighting
 + Level 5.8 Axes
 + Level 3.3 Armour
 + Level 3.1 Dodging
 + Level 2.6 Stealth
 + Level 2.0 Shields


You had 7 spell levels left.
You didn't know any spells.

Dungeon Overview and Level Annotations

Branches:
Dungeon (7/15)             Temple (0/1) D:5

Altars:

Shops:
D:4 ?*(


Innate Abilities, Weirdness & Mutations

Your body is rotting away.
You thrive on raw meat.
You are immune to poison.
You have sharp fingernails.
You are carnivorous and can eat meat at any time.
Your flesh is cold resistant. (rC+)
You are immune to negative energy. (rN+++)
You regenerate slowly when monsters are visible.
You are immune to unholy pain and torment.
You can survive without breathing.


Message History

You barely miss the orc warrior.
The orc warrior is moderately wounded.
The orc warrior barely misses you.
You barely miss the orc warrior.
The orc warrior is moderately wounded.
Something completely misses the orc warrior.
You hit the orc warrior but do no damage.
The orc warrior is moderately wounded.
The orc warrior barely misses you.
Something closely misses the orc warrior.
You hit the orc warrior but do no damage.
The orc warrior goes berserk!
The orc warrior is moderately wounded.
The orc warrior closely misses you.
You closely miss the orc warrior.
The orc warrior is moderately wounded.
The world stops spinning.
Something hits the orc warrior!!
The orc warrior hits you with a hand axe!!
You die...

.........#
.........#
.#
.......o.#
.#
....)....#
.#####
.........#
.....
......§§.#
.....
......§§§#
..##
......§o@#
..#
##########
..# .<#
.## #
.####.#
......#
......#
.######


You could see an orc warrior (berserk) and an orc (confused).

Vanquished Creatures
  A sky beast (D:5)
  An ogre (D:4)
  A wight (D:6)
  A howler monkey (D:5)
  A hound (D:5)
  A jelly (D:5)
  4 orc priests
  An iguana (D:4)
  3 orc wizards
  A hound skeleton (D:4)
  A worker ant zombie (D:5)
  4 gnolls (D:2)
  An adder (shapeshifter) (D:3)
  4 adders
  A shadow imp (D:3)
  An ooze (D:2)
  An adder skeleton (D:5)
  3 worms
  4 dart slugs
  2 leopard geckos
  12 orcs
  2 giant cockroaches
  5 goblins
  6 hobgoblins
  16 jackals
  4 quokkas
  3 ball pythons (D:2)
  7 bats
  5 frilled lizards
  5 kobolds
  A quokka zombie (D:5)
  8 rats
111 creatures vanquished.

Vanquished Creatures (collateral kills)
  An ogre (D:4)
  3 wights (D:6)
  An adder (D:6)
5 creatures vanquished.

Vanquished Creatures (others)
  An orc warrior (D:6)
1 creature vanquished.

Grand Total: 117 creatures vanquished

Notes
Turn   | Place    | Note
-------+----------+-------------------------------------------
     0 | D:1      | Malachi the Ghoul Chaos Knight began the quest for the Orb.
     0 | D:1      | Reached XP level 1. HP: 19/19 MP: 0/0
    83 | D:1      | Reached skill level 1 in Dodging
   124 | D:1      | XOM: silly message
   147 | D:1      | Reached XP level 2. HP: 21/26 MP: 1/1
   456 | D:1      | Reached XP level 3. HP: 33/33 MP: 2/2
   484 | D:2      | XOM: swap monsters
   628 | D:2      | XOM: divination: detect creatures
   650 | D:2      | XOM: divination: detect creatures
   657 | D:3      | Reached XP level 4. HP: 40/40 MP: 3/3
   782 | D:3      | XOM: potion effect (haste)
   791 | D:3      | Reached XP level 5. HP: 45/46 MP: 4/4
  1288 | D:2      | XOM: enchant monster (bad)
  1293 | D:2      | XOM: smoke on damage
  1397 | D:2      | XOM: harmless Chrm miscast
  2048 | D:4      | Found Nuul's Magic Scroll Emporium.
  2059 | D:4      | Reached skill level 1 in Stealth
  2059 | D:4      | Reached XP level 6. HP: 53/53 MP: 5/5
  2170 | D:4      | You fall through a shaft for 3 floors!
  2207 | D:5      | Entered Level 5 of the Dungeon
  2243 | D:5      | XOM: noise
  2259 | D:4      | Found Hufroo's General Store.
  2363 | D:4      | Reached skill level 1 in Shields
  2376 | D:4      | XOM: summons friendly iron imp
  2381 | D:4      | Reached skill level 5 in Axes
  2381 | D:4      | Reached XP level 7. HP: 41/59 MP: 6/6
  2382 | D:4      | Found Hely's Antique Weapon Shoppe.
  2664 | D:5      | XOM: harmless Hex miscast
  2770 | D:5      | XOM: harmless Air miscast
  2837 | D:5      | XOM: potion effect (invisibility)
  2839 | D:5      | XOM: enchant monster (good)
  2850 | D:5      | Reached skill level 5 in Fighting
  2867 | D:5      | Found a staircase to the Ecumenical Temple.
  3386 | D:6      | XOM: summons friendly iron imp
  3393 | D:6      | XOM: divine lightning (protected)
  3465 | D:5      | XOM: harmless Air miscast
  3739 | D:6      | XOM: confusion (+ monsters)
  3815 | D:6      | XOM: enchant monster (bad)
  3816 | D:6      | HP: 2/61 [something (11)]
  3822 | D:6      | XOM: noise
  4130 | D:6      | XOM: butterfly on damage
  4139 | D:6      | Reached XP level 8. HP: 6/68 MP: 7/7
  4173 | D:6      | XOM: 3-stop teleportation journey
  4179 | D:6      | XOM: blink monster(s)
  4182 | D:6      | XOM: cast spell 'Alistair's Intoxication'
  4192 | D:6      | Slain by an orc warrior

Skill      XL: |  1  2  3  4  5  6  7  8 |
---------------+-------------------------+-----
Dodging        | 1 2 3 |  3.1
Axes           | 3 4 5 |  5.8
Armour         | 2 3 |  3.3
Fighting       | 4 5 |  5.2
Stealth        | 1 2 |  2.6
Shields        | 1 2 |  2.0

Action                   |  1- 3 |  4- 6 |  7- 9 || total
-------------------------+-------+-------+-------++-------
Melee: Hand axe          |   103 |   177 |   128 ||   408
Evoke: Wand              |       |       |     6 ||     6
  Use: Scroll            |       |     5 |     6 ||    11
       Potion            |       |       |     6 ||     6
 Stab: Paralysed         |       |     2 |       ||     2
       Confused          |       |     3 |       ||     3
       Petrifying        |       |     2 |       ||     2
       Invisible         |       |       |     2 ||     2
  Eat: Chunk             |    12 |    11 |     9 ||    32
Armor: Leather armour    |    35 |    45 |    37 ||   117
Dodge: Dodged            |    80 |    75 |    63 ||   218
Block: Other             |    14 |    18 |       ||    32
       Reflection        |     2 |       |     1 ||     3
       Buckler           |       |    19 |    48 ||    67
